 Dungeon Crawl Stone Soup version 0.22-a0-231-g1b571ea (webtiles) character file.

312 mortelune the Chiller (level 6, 0/41 HPs)
             Began as a Demonspawn Ice Elementalist on Feb 21, 2018.
             Slain by Galewind's ghost (2 damage)
             ... on level 4 of the Dungeon.
             The game lasted 00:11:13 (5165 turns).

mortelune the Chiller (Demonspawn Ice Elementalist) Turns: 5165, Time: 00:11:14

Health: 0/41       AC:  4    Str:  8    XL:     6   Next: 18%
Magic:  10/11      EV: 17    Int: 19    God:
Gold:   171        SH:  0    Dex: 13    Spells: 2/12 levels left

rFire    . . .     SeeInvis .   m - +2 long sword (slice)
rCold    . . .     Gourm    .   (no shield)
rNeg     . . .     Faith    .   a - +0 robe
rPois    .         Spirit   .   (no helmet)
rElec    .         Reflect  .   u - scarf {cloud immunity}
rCorr    .         Harm     .   (no gloves)
MR       .....                  (no boots)
Stlth    +.........             (no amulet)
HPRegen  0.13/turn              q - +5 ring of evasion
MPRegen  0.12/turn              (no ring)

@: very slow
A: talons 1, molten scales 1
a: no special abilities


You were on level 4 of the Dungeon.
You were not hungry.

You visited 1 branch of the dungeon, and saw 4 of its levels.

You collected 171 gold pieces.

Inventory:

Hand Weapons
 c - a +0 club
 e - a +0 short sword
 m - a +2 long sword of slicing (weapon)
 n - a +0 blowgun
Missiles
 p - 16 poisoned needles
Armour
 a - a +0 robe (worn)
 o - a +2 buckler of protection
 u - a scarf of cloud immunity (worn)
Jewellery
 q - a +5 ring of evasion (left hand)
Scrolls
 f - 2 scrolls of enchant weapon
 g - a scroll of teleportation
 l - a scroll of enchant armour {unknown}
 r - 2 scrolls of magic mapping {unknown}
 s - a scroll of random uselessness {unknown}
 t - a scroll of blinking {unknown}
Potions
 h - a potion of resistance {unknown}
 i - a potion of degeneration {unknown}
 j - 2 potions of might
Comestibles
 b - 5 rations


   Skills:
 - Level 1.7 Dodging
 - Level 1.7 Stealth
 + Level 3.5 Spellcasting
 + Level 3.0 Conjurations
 * Level 4.9 Ice Magic


You had 2 spell levels left.
You knew the following spells:

 Your Spells              Type           Power        Failure   Level  Hunger
a - Freeze                Ice            ###.         1%          1    None
b - Throw Frost           Conj/Ice       ###...       4%          2    ##.....
c - Ozocubu's Armour      Chrm/Ice       ##......     16%         3    ###....
d - Throw Icicle          Conj/Ice       ###.....     28%         4    ####...


Dungeon Overview and Level Annotations

Branches:
Dungeon (4/15)
 Temple: D:4-7

Altars:
Nemelex Xobeh
Okawaru
Vehumet
Wu Jian

Annotations:
D:4 Galewind's ghost, amateur DECj


Innate Abilities, Weirdness & Mutations

You have sharp toenails.
You are partially covered in molten scales. (AC +2)


Message History

As you read the scroll of teleportation, it crumbles to dust.
You feel strangely unstable.
The rat splashes around in the water.
Galewind's ghost barely misses you.
You riposte.
Your unstable footing causes you to fumble your attack.
It was a potion of cancellation.
You feel strangely stable.
You feel magically purged.
You hear the rusting of a drain.
The rat closely misses you.
You riposte.
You hit the rat.
You kill the rat!
Galewind's ghost completely misses you.
Casting: Freeze (safe; 1% risk of failure)
Confirm with . or Enter, or press ? or * to list all spells.
Aiming: Freeze (safe; 1% risk of failure)
Press: ? - help, Shift-Dir - straight line, f - Galewind's ghost
Aim: Galewind's ghost You freeze Galewind's ghost.
Galewind's ghost is lightly damaged.
Galewind's ghost hits you.
You die...

# #.# # #.# #≈# ..#
#.# #≈# ...# #)# #≈≈
≈..# #.# #≈#≈...#
#.# #≈≈≈...# #.#
#≈#....# #.#
#≈W≈...#
#.###########@≈....#
#......>.....!####.#
###.#########.# #.#
#># #.#########.#
#............
#.<###### #.# #..#
### #..#


You could see Galewind's ghost.

Vanquished Creatures
  A hound (D:4)
  A centaur zombie (D:3)
  Jessica (D:3)
  Natasha (twice) (D:3)
  Terence (D:3)
  A gnoll (D:1)
  4 adders
  A worm (D:2)
  2 dart slugs
  5 leopard geckos
  7 orcs
  8 giant cockroaches
  12 goblins
  8 hobgoblins
  3 jackals (D:3)
  2 quokkas (D:2)
  2 ball pythons
  6 bats
  5 frilled lizards
  9 kobolds
  8 rats
89 creatures vanquished.

Notes
Turn   | Place    | Note
-------+----------+-------------------------------------------
     0 | D:1      | mortelune the Demonspawn Ice Elementalist began the quest for the Orb.
     0 | D:1      | Reached XP level 1. HP: 13/13 MP: 3/3
   470 | D:1      | Reached skill level 3 in Ice Magic
   470 | D:1      | Gained mutation: You are partially covered in molten scales. (AC +2) [demonic ancestry]
   470 | D:1      | Reached XP level 2. HP: 11/19 MP: 1/5
   711 | D:1      | Learned a level 2 spell: Throw Frost
  1350 | D:1      | Reached XP level 3. HP: 24/24 MP: 3/6
  1355 | D:1      | Learned a level 3 spell: Ozocubu's Armour
  2593 | D:2      | Reached XP level 4. HP: 30/30 MP: 4/8
  3467 | D:3      | Reached skill level 4 in Ice Magic
  3646 | D:3      | Noticed Terence
  3666 | D:3      | Killed Terence
  3666 | D:3      | Gained mutation: You have sharp toenails. [demonic ancestry]
  3666 | D:3      | Reached XP level 5. HP: 29/35 MP: 1/9
  3802 | D:3      | Found a sparkling altar of Nemelex Xobeh.
  3875 | D:3      | Found a radiant altar of Vehumet.
  3989 | D:3      | Learned a level 4 spell: Throw Icicle
  4169 | D:3      | Noticed Jessica
  4176 | D:3      | Killed Jessica
  4256 | D:3      | Found an iron altar of Okawaru.
  4325 | D:3      | Noticed Natasha
  4332 | D:3      | Killed Natasha
  4619 | D:3      | Noticed Natasha
  4623 | D:3      | Killed Natasha
  4811 | D:4      | Noticed an ice beast
  4823 | D:3      | Reached XP level 6. HP: 41/41 MP: 6/11
  5081 | D:4      | Found an ornate altar of the Wu Jian Council.
  5157 | D:4      | Noticed Galewind's ghost (amateur DECj)
  5161 | D:4      | HP: 1/41 [Galewind's ghost/orb of energy (22)]
  5165 | D:4      | Slain by Galewind's ghost

Vault maps used:
D:1:      arrival_zaba_pyramid, minmay_tree_intersection
D:3:      nicolae_overflow_crystal_walls, lemuel_coloured_pillars_altar,
          okawaru_ov_weapons_minmay, first_ration, uniq_terence, uniq_natasha,
          uniq_jessica
D:4:      overflow_temple_1_default, lightli_sewer_entry_pipes,
          lexackson_kobold_supper, uniq_crazy_yiuf_cottage

Skill      XL: |  1  2  3  4  5  6 |
---------------+-------------------+-----
Ice Magic      | 3 4 |  4.9
Conjurations   | 2 3 |  3.0
Spellcasting   | 3 |  3.5
Dodging        | |  1.7
Stealth        | |  1.7

Action                   |  1- 3 |  4- 6 || total
-------------------------+-------+-------++-------
Melee: Short sword       |    11 |       ||    11
       Club              |     1 |       ||     1
       Long sword        |       |    13 ||    13
       Kick              |       |     2 ||     2
 Cast: Freeze            |    44 |    66 ||   110
       Throw Frost       |    19 |    18 ||    37
       Ozocubu's Armour  |       |     1 ||     1
  Use: Scroll            |       |     7 ||     7
       Potion            |       |     2 ||     2
 Stab: Sleeping          |       |     1 ||     1
  Eat: Chunk             |     7 |     8 ||    15
Armor: Robe              |     8 |    19 ||    27
Dodge: Dodged            |    39 |    41 ||    80
       Rpst.: Long sword |     1 |    14 ||    15

Table legend:
 A = Spawn XP
 B = Non-spawn XP
 C = Spawn XP percentage of total XP
 D = Spawn monster count
 E = Non-spawn monster count
 F = Spawn count percentage of total count
 G = Total turns spent on level
                    A         B        C        D         E        F      G
               +---------+---------+-------+---------+---------+-------+---------
         Total |       0 |     447 |   0.0 |       0 |      89 |   0.0 |  5165
               +---------+---------+-------+---------+---------+-------+---------
           D:1 |       0 |      58 |   0.0 |       0 |      30 |   0.0 |  2079
           D:2 |       0 |      60 |   0.0 |       0 |      19 |   0.0 |  1346
           D:3 |       0 |     251 |   0.0 |       0 |      30 |   0.0 |  1414
           D:4 |       0 |      78 |   0.0 |       0 |      10 |   0.0 |   326
               +---------+---------+-------+---------+---------+-------+---------
